 Dungeon Crawl Stone Soup version 0.30-a0-528-g8c47a4955b (webtiles) character file.

Game seed: 708370007235124612

1021 lfoside the Chopper (level 8, -5/46 HPs)
             Began as a Gargoyle Fighter on Dec 23, 2022.
             Slain by an ogre
             ... wielding a +0 giant spiked club
              (20 damage)
             ... on level 6 of the Dungeon.
             The game lasted 00:08:07 (4426 turns).

lfoside the Chopper (Gargoyle Fighter)              Turns: 4426, Time: 00:08:07

Health: -5/46      AC: 13    Str: 21    XL:     8   Next: 22%
Magic:  8/8        EV:  8    Int: 10    God:
Gold:   273        SH:  9    Dex:  9    Spells: 7/7 levels left

rFire   . . .      SeeInvis .    a - +0 war axe
rCold   . . .      Faith    .    w - +0 kite shield
rNeg    + . .      Spirit   .    b - +0 scale mail
rPois   ∞          Reflect  .    d - +0 helmet
rElec   +          Harm     .    (no cloak)
rCorr   .          Rampage  .    (no gloves)
Will    ++...                    (no boots) Stlth
                                 (no amulet)
HPRegen 0.27/turn                j - ring of willpower
MPRegen 0.11/turn                p - ring of willpower

@: no status effects
A: sickness immunity, AC +5, negative energy resistance 1, electricity
resistance, torment resistance 1, petrification resistance
a: no special abilities


You were on level 6 of the Dungeon.
You visited 2 branches of the dungeon, and saw 7 of its levels.
You also visited: Sewer.

You collected 273 gold pieces.


Innate Abilities, Weirdness & Mutations

You are immune to sickness and miasma.
Your stone body is resilient. (AC +5)
You are immune to poison.
You resist negative energy. (rN+)
You are resistant to electric shocks. (rElec)
You are resistant to unholy torment.
You are immune to petrification.


   Skills:
 - Level 3.2 Fighting
 * Level 7.1 Axes
 - Level 3.2 Armour
 + Level 6.7 Shields


You had 7 spell levels left.
You didn't know any spells.
Your spell library contained the following spells:

 Spells                   Type           Power      Damage    Failure   Level
 Slow                     Hex            0%         N/A       95%         1
 Call Canine Familiar     Summ           0%         N/A       100%        3
 Confusing Touch          Hex            0%         N/A       100%        3
 Gell's Gravitas          Tloc           0%         N/A       100%        3
 Ozocubu's Armour         Ice            0%         N/A       100%        3
 Portal Projectile        Hex/Tloc       0%         N/A       100%        3
 Teleport Other           Tloc           0%         N/A       100%        3
 Vampiric Draining        Necr           0%         2d6       100%        3
 Leda's Liquefaction      Hex/Erth       0%         N/A       100%        4
 Metabolic Englaciation   Hex/Ice        0%         N/A       100%        5
 Dispersal                Tloc           0%         N/A       100%        6
 Simulacrum               Ice/Necr       0%         N/A       100%        6
 Borgnjor's Revivificati  Necr           0%         N/A       100%        8
 Necromutation            Tmut/Necr      0%         N/A       100%        8
 Death's Door             Necr           0%         N/A       100%        9

Inventory:

Hand Weapons
 a - a +0 war axe (weapon)
Armour
 b - a +0 scale mail (worn)
 d - a +0 helmet (worn)
   (You took it off Robin on level 4 of the Dungeon)
 w - a +0 kite shield (worn)
   (You found it on level 2 of the Dungeon)
Jewellery
 j - a ring of willpower (left hand)
   (You found it on level 2 of the Dungeon)
 p - a ring of willpower (right hand)
   (You found it on level 3 of the Dungeon)
 v - a ring of see invisible
   (You found it on level 6 of the Dungeon)
 C - a ring of protection from cold
   (You found it on level 4 of the Dungeon)
 L - a ring of flight
   (You found it on level 1 of the Dungeon)
Wands
 c - a wand of digging (9)
   (You found it on level 5 of the Dungeon)
 t - a wand of charming (8)
   (You found it on level 4 of the Dungeon)
Scrolls
 g - a scroll of amnesia
 h - 4 scrolls of vulnerability {!r!r}
 l - a scroll of fear
 m - a scroll of blinking {!r}
 o - a scroll of poison
 q - a scroll of fog {unknown}
 r - 5 scrolls of magic mapping {!r}
 u - 2 scrolls of teleportation {@r4}
 z - a scroll of torment {unknown}
Potions
 e - 2 potions of heal wounds {@q2}
 f - a potion of attraction {unknown}
 i - 2 potions of brilliance {unknown}
 k - a potion of magic {unknown}
 n - 5 potions of haste {unknown}
 s - a potion of lignification {unknown}
 x - a potion of curing {@q1}
 y - a potion of flight {unknown}

Dungeon Overview and Level Annotations

Branches:
Dungeon (6/15)             Temple (1/1) D:6           Sewer (visited)

Altars:
Ashenzari
Dithmenos
Elyvilon
Fedhas
Gozag
Hepliaklqana
Kikubaaqudgha
Qazlal
Sif Muna
Uskayaw
Vehumet
Wu Jian
Yredelemnul
Zin
The Shining One

Shops:
D:3 [

Annotations:
D:3 2 transporters, tsouns's ghost, amateur OpEn

#.#.(.#...# #.#...##### . ###
#.#.#.# .## #.. #.#.#.# ..?
#...#.#...# #.#
#...#.#.###### #..#
#............
#####..#########.#.#########.
..........SO@..#<............
.######..))###.#.######.#.###
####.###...######.#....
#.).#>.........#####
###...>.............
###.##############
#.#.............
#####.#.############
#.....#.# #


You could see an ogre and an adder.


Message History

Found a basalt altar of Yredelemnul.
Found a broken altar of Ashenzari.
Key pressed, stopping explore.
Key pressed, stopping explore.
There is a hazy altar of Hepliaklqana here.
Found an opulent altar of Gozag.
You feel your willpower return.
Key pressed, stopping explore.
Done exploring.
Done exploring.
Done exploring.
Done exploring.
Done exploring.
Done exploring.
Done exploring.
Done exploring.
Done exploring.
Done exploring.
Done exploring.
(D) Dungeon (T) Temple
Where to? (Enter - Temple @ (x,y), ? - help)
What level of the Dungeon? (default 6, ? - help)
There is a glowing golden altar of the Shining One here.
There is a staircase back to the Dungeon here.
You climb upwards.
Welcome back to the Dungeon!
There is a staircase to the Ecumenical Temple here.
s - a dark potion
Found a stone staircase leading down.
You open the door.
There is an open door here.
z - a scroll labelled CAYTAU WEZUU You see here a +0 rapier.
Key pressed, stopping explore.
A shadow imp comes into view.
You hit the shadow imp. You block the shadow imp's attack.
You slash the shadow imp!
You kill the shadow imp!
No target in view!
No target in view!
No target in view!
No target in view!
No target in view!
No target in view!
No target in view!
Key pressed, stopping explore.
An orc comes into view. It is wielding a +0 mace.
The orc shouts!
You hear a shout!
An orc comes into view. It is wielding a +0 short sword.
The orc shouts!
An orc wizard comes into view. It is wielding a +0 dagger.
Unknown command.
You slash the orc!
You kill the orc!
The orc throws a boomerang.
The boomerang barely misses you.
Unknown command.
You see here a +0 mace.
Unknown command.
The orc wizard hits you with a +0 dagger.
You block the orc's attack.
You closely miss the orc wizard. You closely miss the orc.
The orc wizard gestures at you while chanting.
The puff of flame misses you. The orc barely misses you.
You barely miss the orc wizard. You hit the orc.
The orc wizard hits you but does no damage.
The orc hits you but does no damage.
You hit the orc.
You kill the orc!
You miss the orc wizard. You block the orc wizard's attack.
You slash the orc wizard!
You kill the orc wizard!
An ogre comes into view. It is wielding a +0 giant spiked club.
Things that are here:
a +0 dagger; a +0 robe; an orc corpse An adder comes into view.
Unknown command.
The ogre attacks as you move away! The ogre barely misses you.
You barely miss the ogre.
The ogre hits you with a +0 giant spiked club!
Unknown command.
You slash the ogre! You block the ogre's attack.
You hit the ogre but do no damage. The ogre hits you but does no damage.
You hit the ogre. The ogre barely misses you.
You hit the ogre. You block the ogre's attack.
Unknown command.
You slash the ogre! You barely miss the ogre.
The ogre hits you with a +0 giant spiked club!
Unknown command.
You hit the ogre. You block the ogre's attack.
You hit the ogre. The ogre barely misses you.
Unknown command.
You hit the ogre.
The ogre hits you with a +0 giant spiked club!
* * * LOW HITPOINT WARNING * * *
Unknown command.
You hit the ogre. The ogre barely misses you.
Unknown command.
You barely miss the ogre.
The ogre hits you with a +0 giant spiked club!!
You die...

Skill      XL: |  1  2  3  4  5  6  7  8 |
---------------+-------------------------+-----
Axes           | 2 3 4 5 6 7 |  7.1
Shields        | 4 5 6 |  6.7
Fighting       | |  3.2
Armour         | |  3.2

Action                   |  1- 3 |  4- 6 |  7- 9 || total
-------------------------+-------+-------+-------++-------
Melee: War axe           |   108 |   174 |   115 ||   397
  Use: Potion            |       |     4 |       ||     4
       Scroll            |       |       |     7 ||     7
Armor: Scale mail        |    66 |   127 |    45 ||   238
Dodge: Dodged            |    56 |   117 |    38 ||   211
Block: Buckler           |    25 |    55 |       ||    80
       Kite shield       |       |     4 |    45 ||    49

Levels and vault maps discovered:
D:1:      lemuel_arrival_hallway, layout_loops_ring
D:2:      layout_basic, ebering_ecumenical_altar_hall, nicolae_hexahallways,
          minivault_19, corner_web_ring
D:3:      layout_rooms, gammafunk_ghost_stat_death, serial_shops,
          nicolae_shop_trees, minivault_14, corexii_item_surrounded_by_moat,
          uniq_jessica
D:4:      layout_basic, gup_sewer_entry_glass, uniq_robin
D:5:      layout_loops_ring, kennysheep_mini
D:6:      layout_basic, temple_statues, lightli_church_of_beogh
Temple:   nicolae_temple_ecumenical_triangle

Notes
Turn   | Place    | Note
-------+----------+-------------------------------------------
     0 | D:1      | lfoside the Gargoyle Fighter began the quest for the Orb.
     0 | D:1      | Reached XP level 1. HP: 14/14 MP: 1/1
    21 | D:1      | Reached skill level 2 in Axes
    42 | D:1      | Reached XP level 2. HP: 16/19 MP: 2/2
   379 | D:1      | You pick up a book of Debilitation and begin reading...
   379 | D:1      | You add the spells Slow, Vampiric Draining and Confusing
                  | Touch to your library.
   472 | D:1      | Reached XP level 3. HP: 21/23 MP: 3/3
   852 | D:2      | Reached skill level 3 in Axes
   989 | D:2      | Found a faded altar of an unknown god.
  1326 | D:2      | Reached skill level 4 in Shields
  1366 | D:2      | You pick up a book of Winter and begin reading...
  1366 | D:2      | You add the spells Ozocubu's Armour, Metabolic Englaciation
                  | and Simulacrum to your library.
  1505 | D:3      | Found a transporter.
  1508 | D:3      | Reached XP level 4. HP: 28/28 MP: 4/4
  1512 | D:3      | Noticed tsouns's ghost (amateur OpEn)
  1543 | D:3      | Found a transporter.
  1557 | D:3      | You fall into a shaft and drop 1 floor!
  1577 | D:4      | You add the spells Borgnjor's Revivification, Necromutation
                  | and Death's Door to your library.
  1614 | D:4      | Found a glowing drain.
  1614 | D:4      | Noticed Robin
  1626 | D:4      | HP: 7/28 [adder (1)]
  1633 | D:4      | Killed Robin
  1638 | D:4      | Reached XP level 5. HP: 9/32 MP: 5/5
  1638 | D:4      | HP: 8/32 [endoplasm (1)]
  1640 | D:4      | Reached skill level 4 in Axes
  1649 | D:4      | HP: 8/32 [gnoll bouda/+0 whip (4)]
  1666 | Sewer    | Entered a sewer
  1735 | Sewer    | Noticed Pargi
  1745 | Sewer    | Killed Pargi
  1746 | Sewer    | Reached skill level 5 in Shields
  1746 | Sewer    | Reached XP level 6. HP: 32/37 MP: 6/6
  1985 | D:4      | Reached skill level 5 in Axes
  2166 | D:4      | You pick up a book of the Hunter and begin reading...
  2166 | D:4      | You add the spells Call Canine Familiar, Portal Projectile
                  | and Leda's Liquefaction to your library.
  2201 | D:4      | You add the spells Gell's Gravitas, Teleport Other and
                  | Dispersal to your library.
  2576 | D:3      | Noticed Jessica
  2580 | D:3      | Killed Jessica
  2812 | D:3      | Found Emu Boco's Antique Armour Shop.
  3182 | D:5      | Entered Level 5 of the Dungeon
  3192 | D:5      | Reached XP level 7. HP: 35/41 MP: 7/7
  3433 | D:5      | Reached skill level 6 in Axes
  3541 | D:5      | Reached skill level 6 in Shields
  3760 | D:5      | Reached XP level 8. HP: 38/46 MP: 8/8
  3945 | D:5      | Found a glowing silver altar of Zin.
  4080 | D:6      | Reached skill level 7 in Axes
  4211 | D:6      | Found a staircase to the Ecumenical Temple.
  4223 | Temple   | Entered the Ecumenical Temple
  4426 | D:6      | Slain by an ogre

Vanquished Creatures
  A water moccasin (D:5)
  2 ice beasts
  Pargi (Sewer)
  A necrophage (D:5)
  2 scorpions (D:5)
  2 jellies
  A hound (D:5)
  A gnoll bouda (D:4)
  Jessica (D:3)
  An iguana (D:6)
  An orc wizard (D:6)
  Robin (D:4)
  4 gnolls
  10 adders
  A shadow imp (D:6)
  2 worms (D:3)
  A dart slug (D:4)
  10 orcs
  6 bats
  8 endoplasms
  6 giant cockroaches
  10 goblins
  10 hobgoblins
  6 jackals
  10 kobolds
  A quokka (D:1)
  7 ball pythons
  8 frilled lizards
  3 rats
118 creatures vanquished.

Table legend:
 A = Non-vault XP
 B = Vault XP
 C = Vault XP percentage of total XP
 D = Non-vault monster count
 E = Vault monster count
 F = Vault count percentage of total count
                 A         B        C        D         E       F
            +---------+---------+-------+---------+---------+-------
      Total |    1167 |     292 |  20.0 |      89 |      29 |  24.6
            +---------+---------+-------+---------+---------+-------
        D:1 |      48 |       0 |   0.0 |      22 |       0 |   0.0
        D:2 |      32 |       0 |   0.0 |      13 |       0 |   0.0
        D:3 |      37 |      37 |  50.0 |      12 |       1 |   7.7
        D:4 |     169 |     106 |  38.5 |      20 |      18 |  47.4
        D:5 |     670 |       0 |   0.0 |      16 |       0 |   0.0
        D:6 |     211 |       0 |   0.0 |       6 |       0 |   0.0
      Sewer |       0 |     149 | 100.0 |       0 |      10 | 100.0
            +---------+---------+-------+---------+---------+-------

Illustrated notes

Table legend:
 A = Kills in this place as a percentage of kills in entire the game.
 B = Kills by you in this place as a percentage of kills by you in the entire game.
 C = Kills by friends in this place as a percentage of kills by friends in the entire game.
 D = Other kills in this place as a percentage of other kills in the entire game.
 E = Experience gained in this place as a percentage of experience gained in the entire game.
 F = Experience gained in this place divided by the number of levels of this place that you have seen.
                   A       B       C       D       E      F
               +-------+-------+-------+-------+-------+----------------------
         Total | 100.0 | 100.0 |   N/A |   N/A | 100.0 | 182.4
       Dungeon |  91.5 |  91.5 |   N/A |   N/A |  89.8 | 218.3
         Sewer |   8.5 |   8.5 |   N/A |   N/A |  10.2 | 149.0
               +-------+-------+-------+-------+-------+----------------------

Table legend: (Time is in decaauts)
 A = Elapsed time spent in this place.
 B = Non-inter-level travel time spent in this place.
 C = Inter-level travel time spent in this place.
 D = Time resting spent in this place.
 E = Time spent auto-exploring this place.
 F = Levels seen in this place.
 G = Mean time per level.
                   A        B        C        D        E       F      G
               +--------+--------+--------+--------+--------+-----+--------+
         Total |   4591 |   4252 |    339 |    171 |   3162 |   8 |  573.9 |
       Dungeon |   4236 |   3910 |    326 |    171 |   2966 |   6 |  706.0 |
        Temple |     53 |     40 |     13 |      0 |     30 |   1 |   53.0 |
         Sewer |    301 |    301 |      0 |      0 |    166 |   1 |  301.0 |
               +--------+--------+--------+--------+--------+-----+--------+

Top non-repeatable levels by time:
     D:2: 946 daAuts
     D:5: 910 daAuts
     D:4: 844 daAuts
     D:1: 682 daAuts
     D:3: 533 daAuts
     D:6: 320 daAuts
   Sewer: 301 daAuts
  Temple: 53 daAuts
